AoeStats
← Squid_CARP

Arena

510432412Analyzed
1v1 RM · 2d ago on Oct 1, 2026· 32m 10s· 2 players
Game mode
Random Map
Map size
Tiny (2 player)
Population
200
Speed
Normal
Resources
Standard
Victory
Conquest
Starting age
Dark Age
Ending age
Imperial Age
RankedLock teamsTeams togetherTeam positionsShared explorationLock speedFull tech treeHidden civsTurbo modeCheats
Victory
Defeat
🇲🇽 Hindustanis · Mexico
1536
+14
🇦🇷 Vikings · Argentina
1502
-14
Squid_CARP
5:25 Loom
8:37 Feudal Age
9:12 Double-Bit Axe
9:10 Horse Collar
16:39 Castle Age
15:11 Forging
15:33 Scale Barding Armor
17:13 Light Cavalry
18:41 Bow Saw
18:59 Gold Mining
26:52 Imperial Age
25:14 Squires
25:57 Scale Mail Armor
28:03 Chain Mail Armor
31:56 Plate Mail Armor
carlos
10:33 Feudal Age
14:12 Castle Age
14:45 Double-Bit Axe
14:43 Horse Collar
15:37 Bow Saw
21:24 Gold Mining
23:25 Bloodlines
23:15 Husbandry
24:07 Wheelbarrow
27:47 Imperial Age
25:21 Heavy Plow
25:37 Hand Cart
25:09 Loom
26:01 Masonry
26:53 Gold Shaft Mining
26:09 Stone Mining
27:07 Fortified Wall
27:05 Padded Archer Armor
28:03 Stone Shaft Mining
29:45 Chemistry
29:26 Leather Archer Armor
31:16 Two-Man Saw
30:48 Ring Archer Armor
31:25 Conscription
Connection lost

Rejoining the realm…

Still unreachable

The connection could not be restored.

Session expired

The server has moved on; the page needs a fresh start.